 Dungeon Crawl Stone Soup version 0.27.0-1-g7a089689b8 (webtiles) character file.

Game seed: 2953121856513696374

66 zarnack the Cudgeller (level 3, -1/30 HPs)
             Began as a Minotaur Gladiator on Aug 10, 2021.
             Slain by a howler monkey (4 damage)
             ... on level 5 of the Dungeon.
             The game lasted 00:03:30 (411 turns).

zarnack the Cudgeller (Minotaur Gladiator)           Turns: 411, Time: 00:03:30

Health: -1/30      AC:  4    Str: 19    XL:     3   Next: 96%
Magic:  2/2        EV: 12    Int:  5    God:
Gold:   35         SH:  0    Dex: 11    Spells: 2/2 levels left

rFire    x . .     SeeInvis .   a - +0 flail
rCold    + . .     Faith    .   (no shield)
rNeg     . . .     Spirit   .   b - +1 leather armour
rPois    .         Reflect  .   c - +0 hat
rElec    .         Harm     .   (no cloak)
rCorr    .         Rampage  .   (no gloves)
Will     .....                  (no boots)
Stlth    +.........             (no amulet)
HPRegen  0.10/turn              i - ring of ice
MPRegen  0.08/turn              (no ring)

@: no status effects
A: horns 2, retaliatory headbutt
a: no special abilities


You were on level 5 of the Dungeon.
You visited 1 branch of the dungeon, and saw 5 of its levels.

You collected 35 gold pieces.

Inventory:

Hand Weapons
 a - a +0 flail (weapon)
 f - a +0 dagger
 g - a +0 hand axe
 k - a +0 quarterstaff
Missiles
 d - 3 throwing nets (quivered)
Armour
 b - a +1 leather armour (worn)
 c - a +0 hat (worn)
Jewellery
 i - a ring of ice (left hand)
Scrolls
 j - a scroll of identify {unknown}
Potions
 e - 2 potions of berserk rage {unknown}
 h - a potion of curing {unknown}


   Skills:
 + Level 2.9 Fighting
 + Level 4.8 Maces & Flails
 + Level 2.1 Throwing
 + Level 0.5 Armour
 + Level 4.1 Dodging


You had 2 spell levels left.
You didn't know any spells.
Your spell library contained the following spells:

 Spells                   Type           Power      Damage    Failure   Level
 Conjure Flame            Conj/Fire      0%         6-21      88%         3
 Ignite Poison            Fire/Tmut/Pois 0%         N/A       88%         3
 Sticky Flame             Conj/Fire      0%         2d3       99%         4


Dungeon Overview and Level Annotations

Branches:
Dungeon (5/15)
 Temple: D:4-7

Altars:


Innate Abilities, Weirdness & Mutations

You have a pair of horns on your head.
You reflexively headbutt those who attack you in melee.


Message History

Your Dodging skill increases to level 4!
The kobold hits you with a +0 dagger.
* * * LOW HITPOINT WARNING * * *
You see here a hound corpse.
The kobold hits you but does no damage. The kobold barely misses you.
You feel your willpower return.
The kobold throws a stone.
The stone barely misses you. The kobold hits you with a +0 dagger.
* * * LOW HITPOINT WARNING * * *
You closely miss the kobold. The kobold hits you but does no damage.
You closely miss the kobold. You headbutt the kobold.
You kill the kobold!
Things that are here:
a +0 dagger; 4 stones; a kobold corpse
There is a stone staircase leading down here.
There is a stone staircase leading down here.
You climb downwards.
There is a stone staircase leading up here.
Found a stone staircase leading down.
Found a glowing purple potion and a scroll labelled AFUAPH DOUJAAL.
Found a grey potion.
Found 21 arrows.
h - a glowing purple potion A howler monkey comes into view.
The howler monkey howls!
The howler monkey hoots and howls with incredible vigour!
You hear a shout!
You hear an angry hiss.
The howler monkey hoots and howls with incredible vigour!
You hear a bark!
You hear a shout!
You see here a scroll labelled AFUAPH DOUJAAL.
You hit the howler monkey.
The howler monkey is moderately wounded.
The howler monkey hits you.
* * * LOW HITPOINT WARNING * * *
You hit the howler monkey.
The howler monkey is moderately wounded.
The howler monkey hits you but does no damage.
The howler monkey hits you.
You die...

...##.#.##.##.#
#.....
..............#
#.####
...........##.#####.#
#.##.##.####........#
........####..#####.#
..............> ..#
#.##....#####.## ##.#
#.##.#..#####.# #.#
#.(....@...#### #.#
#+##.#.h##.# #.#
...#..# # #.# ....
.... .....##.# #+##.
#.# # #.# ###


You could see a howler monkey.

Vanquished Creatures
  A hound (D:4)
  An adder (D:3)
  A worm (D:4)
  3 dart slugs (D:3)
  2 ball pythons (D:3)
  A giant cockroach (D:3)
  3 hobgoblins (D:4)
  2 kobolds
  A quokka (D:1)
  A bat (D:3)
  2 frilled lizards
18 creatures vanquished.

Notes
Turn   | Place    | Note
-------+----------+-------------------------------------------
     0 | D:1      | zarnack the Minotaur Gladiator began the quest for the Orb.
     0 | D:1      | Reached XP level 1. HP: 18/18 MP: 0/0
   121 | D:3      | Reached XP level 2. HP: 17/25 MP: 1/1
   277 | D:4      | Reached XP level 3. HP: 14/30 MP: 2/2
   333 | D:4      | HP: 1/30 [kobold (3)]
   368 | D:5      | Entered Level 5 of the Dungeon
   411 | D:5      | Slain by a howler monkey

Illustrated notes

Levels and vault maps discovered:
D:1:      minmay_arrival_glassed_features, layout_loops_ring, serial_forest,
          infiniplex_forest_lined_corner, infiniplex_forest_clump_cross,
          infiniplex_forest_zigzag_2, infiniplex_forest_corner_1,
          infiniplex_forest_clump_small, infiniplex_forest_lined_ring,
          infiniplex_forest_end_double, infiniplex_forest_zigzag_1,
          minmay_tetromino_s4
D:2:      layout_rooms, ebering_ecumenical_altar_mist, minmay_misc_feat_encased
D:3:      layout_loops_ring, minmay_misc_feat_chi
D:4:      layout_basic, marbit_many_paths, uniq_crazy_yiuf_cottage
D:5:      layout_basic, kennysheep_vampire_church

Skill      XL: |  1  2  3 |
---------------+----------+-----
Maces & Flails | 4 |  4.8
Dodging        | 4 |  4.1
Fighting       | |  2.9
Throwing       | |  2.1
Armour         | |  0.5

Action                   || total
-------------------------++-------
Melee: Flail             ||    35
       Headbutt          ||     7
  Use: Scroll            ||     2
Armor: Leather armour    ||    11
Dodge: Dodged            ||    21
